 Dungeon Crawl Stone Soup version 0.19.0-24-gb05acd6 (webtiles) character file.

98 AAAAA the Firebug (level 5, -2/46 HPs)
             Began as a Halfling Fire Elementalist on Nov 22, 2016.
             Slain by a hobgoblin (6 damage)
             ... led by Robin
             ... on level 3 of the Dungeon.
             The game lasted 00:07:27 (2382 turns).

AAAAA the Firebug (Halfling Fire Elementalist)      Turns: 2382, Time: 00:07:27

Health: -2/46      AC:  9    Str: 14    XL:     5   Next: 1%
Magic:  3/8        EV: 12    Int: 14    God:
Gold:   81         SH:  0    Dex: 15    Spells: 2 memorised, 5 levels left

rFire  . . .     SeeInvis .     n - +1 dagger (protect)
rCold  . . .     Gourm    .     s - +0 robe (curse)
rNeg   . . .     Faith    .     (shield restricted)
rPois  .         Spirit   .     (no helmet)
rElec  .         Reflect  .     (no cloak)
rCorr  .         Harm     .     (no gloves)
MR     .....                    (no boots)
Stlth  ..........               m - amulet of rage
                                (no ring)
                                (no ring)

@: berserking, protection aura, constricted, very quick
A: mutation resistance 1
a: Evoke Berserk Rage


You were on level 3 of the Dungeon.
You were not hungry.

You visited 1 branch of the dungeon, and saw 3 of its levels.

You collected 81 gold pieces.

Inventory:

Hand Weapons
 f - a +0 dagger
 g - a +0 dagger
 n - a +1 dagger of protection (weapon)
 o - a +0 short sword
Armour
 a - a +0 robe
 p - a +0 ring mail
 s - a cursed +0 robe (worn)
Jewellery
 m - an amulet of rage (around neck)
Scrolls
 d - a scroll of random uselessness {unknown}
 e - 3 scrolls of remove curse {unknown}
 h - 5 scrolls of identify {unknown}
 i - a scroll of immolation {unknown}
 j - a scroll of magic mapping {unknown}
 l - a scroll of teleportation {unknown}
 t - a scroll of recharging {unknown}
Potions
 r - a potion of magic {unknown}
 u - a potion of flight {unknown}
Books
 b - a book of Flames

   Spells                             Type                      Level
   a - Flame Tongue                   Conjuration/Fire             1
   b - Throw Flame                    Conjuration/Fire             2
   c - Conjure Flame                  Conjuration/Fire             3
   d - Inner Flame                    Hexes/Fire                   3
   e - Sticky Flame                   Conjuration/Fire             4
   f - Fireball                       Conjuration/Fire             5
Comestibles
 c - 3 bread rations
 q - 3 chunks of flesh


   Skills:
 - Level 2.1 Dodging
 - Level 2.1 Stealth
 + Level 2.3 Spellcasting
 + Level 2.0 Conjurations
 + Level 4.0 Fire Magic


You had 5 spell levels left.
You knew the following spells:

 Your Spells              Type           Power        Failure   Level  Hunger
a - Throw Flame           Conj/Fire      ##....       12%         2    ###....
b - Flame Tongue          Conj/Fire      ##...        10%         1    #......


Dungeon Overview and Level Annotations

Branches:
Dungeon (3/15)

Altars:
Sif Muna
Vehumet

Annotations:
D:3 Robin


Innate Abilities, Weirdness & Mutations

You are small and have problems with some larger weapons.
You are somewhat resistant to further mutation.


Message History

You kill the goblin!
The ball python bites you but does no damage.
The ball python constricts you. The goblin hits you but does no damage.
Unknown command.
You puncture the goblin!
You kill the goblin!
You have reached level 5!
You feel agile.
Robin roars a battlecry!
The hobgoblin goes into a battle-frenzy!
The goblin closely misses you.
The frilled lizard bites you but does no damage.
The hobgoblin misses you. The ball python closely misses you.
The ball python constricts you.
You puncture the hobgoblin!
You kill the hobgoblin!
The goblin no longer looks unusually strong.
The frilled lizard completely misses you.
The goblin misses you. The hobgoblin hits you.
You die...

#........###.g....?.
##...8....)(g<.......
#...8.8...#####+#####
#..8._.8.....$#+##
#...8.8%.#.......#
#....8...........#
#.(........g.....#
#.##..#))..Sgg...#
#.....###(##@##+###
#####.# #gg)l)......
#.# #..#........ #.#
#........... #[#
#.##........ #.#
#.##........
..##........
#####........ #######


You could see Robin, 2 hobgoblins, 2 goblins, a ball python and a frilled
lizard.

Vanquished Creatures
  3 adders
  A worm (D:2)
  A dart slug (D:1)
  3 leopard geckos
  3 orcs (D:3)
  9 bats
  A giant cockroach (D:2)
  8 goblins
  7 hobgoblins
  6 jackals
  3 kobolds (D:1)
  2 ball pythons
  7 frilled lizards
  8 rats
62 creatures vanquished.

Notes
Turn   | Place    | Note
-------+----------+-------------------------------------------
     0 | D:1      | AAAAA the Halfling Fire Elementalist began the quest for the Orb.
     0 | D:1      | Reached XP level 1. HP: 11/11 MP: 3/3
   101 | D:1      | Reached skill level 1 in Conjurations
   385 | D:1      | Reached XP level 2. HP: 17/17 MP: 0/4
   531 | D:1      | Learned a level 2 spell: Throw Flame
   752 | D:1      | Reached XP level 3. HP: 21/21 MP: 0/6
  1719 | D:2      | Found a radiant altar of Vehumet.
  1778 | D:2      | Reached XP level 4. HP: 25/27 MP: 5/7
  1958 | D:2      | Found a deep blue altar of Sif Muna.
  2335 | D:3      | Found a faded altar of an unknown god.
  2344 | D:3      | Noticed Robin
  2353 | D:3      | Reached skill level 4 in Fire Magic
  2381 | D:3      | Reached XP level 5. HP: 4/31 MP: 3/8
  2382 | D:3      | Slain by a hobgoblin

Skill      XL: |  1  2  3  4 |
---------------+-------------+-----
Conjurations   | 1 2 |  2.0
Spellcasting   | 2 |  2.3
Fire Magic     | 4 |  4.0
Dodging        | |  2.1
Stealth        | |  2.1

Action                   |  1- 3 |  4- 6 || total
-------------------------+-------+-------++-------
Melee: Unarmed           |     2 |       ||     2
       Dagger            |    82 |    65 ||   147
 Cast: Flame Tongue      |    25 |    15 ||    40
       Throw Flame       |    17 |     8 ||    25
  Use: Potion            |       |     1 ||     1
 Stab: Sleeping          |     2 |     1 ||     3
  Eat: Chunk             |     5 |     3 ||     8
Armor: Robe              |    25 |    20 ||    45
Dodge: Dodged            |   114 |    77 ||   191
